 Dungeon Crawl Stone Soup version 0.19.5 (webtiles) character file.

8 DasRunzen the Stinger (level 2, -1/11 HPs)
             Began as a Felid Venom Mage on May 21, 2017.
             Slain by a jackal (2 damage)
             ... on level 1 of the Dungeon.
             The game lasted 00:03:54 (414 turns).

DasRunzen the Stinger (Felid Venom Mage)             Turns: 414, Time: 00:03:54

Health: -1/11      AC:  1    Str:  4    XL:     2   Next: 0%
Magic:  1/6        EV: 18    Int: 16    God:
Gold:   8          SH:  0    Dex: 16    Spells: 1 memorised, 4 levels left
                                        Lives:  0   Deaths: 0

rFire  . . .     SeeInvis +     (weapon unavailable)
rCold  . . .     Gourm    .     (armour unavailable)
rNeg   . . .     Faith    .     (shield unavailable)
rPois  .         Spirit   .     (helmet unavailable)
rElec  .         Reflect  .     (cloak unavailable)
rCorr  .         Harm     .     (gloves unavailable)
MR     .....                    (boots unavailable)
Stlth  +++.......               (no amulet)
                                (no ring)
                                (no ring)

@: quick
A: no armour, no weapons or thrown items, stealth, claws 1, fangs 3, see
invisible, carnivore 3, speed 1, shaggy fur 1, slow metabolism 1, sharp paws
a: no special abilities


You were on level 1 of the Dungeon.
You were very full.

You visited 1 branch of the dungeon, and saw 1 of its levels.

You collected 8 gold pieces.

Inventory:

Books
 a - a Young Poisoner's Handbook

   Spells                             Type                      Level
   a - Sting                          Conjuration/Poison           1
   b - Mephitic Cloud                 Conjuration/Poison/Air       3
   c - Olgreb's Toxic Radiance        Poison                       4
   d - Alistair's Intoxication        Transmutation/Poison         5
   e - Venom Bolt                     Conjuration/Poison           5
Comestibles
 b - a meat ration


   Skills:
 + Level 2.6 Dodging
 + Level 3.0 Stealth
 + Level 2.1 Spellcasting
 + Level 0.3 Conjurations
 + Level 3.7 Poison Magic


You had 4 spell levels left.
You knew the following spells:

 Your Spells              Type           Power        Failure   Level  Hunger
a - Sting                 Conj/Pois      #...         10%         1    #......


Dungeon Overview and Level Annotations

Branches:
Dungeon (1/15)

Altars:


Innate Abilities, Weirdness & Mutations

You cannot wear armour.
You are incapable of wielding weapons or throwing items.
Your paws allow you to move quietly. (Stealth)
You have sharp claws.
You have razor-sharp teeth.
You have supernaturally acute eyesight. (SInv)
You are carnivorous and can eat meat at any time.
You cover ground quickly.
You are covered in fur. (AC +1)
You have a slow metabolism.
Your sharp claws are effective at attacking unaware monsters.


Message History

The goblin shouts!
Your magical contamination has completely faded away.
The jackal bites you. The jackal barely misses you. The jackal misses you.
Casting: Sting
Confirm with . or Enter, or press ? or * to list all spells.
Aiming: Sting
Press: ? - help, Shift-Dir - straight line, f/p - jackal
Aim: a jackal (moderately wounded)
The sting misses the jackal.
The sting hits the jackal.
The jackal is severely wounded.
The jackal bites you.
* * * LOW HITPOINT WARNING * * *
The jackal barely misses you. The jackal misses you. The jackal bites you.
* * * LOW HITPOINT WARNING * * *
The jackal completely misses you. The jackal bites you.
You die...

.............#.#.#...#
.........#..#.......# ...
###.#..r..#..#.#.#...##.
.....(.##.......................
#..#........#.....#..#..........
.................................
.........)†........s.............
.................hs#.............
#..#...........@h..hg..#.##..#.#
##...............................
......................#.#.##..#.#
##.#..r####.#.#......#.#.# ..#
#.#..hh......)......#.#.##..#.#
#.....####.#.##........hg......
#.#....# #.#................#.#
##+#...####.....................
#..........................#..#..


You could see 3 jackals, 2 giant cockroaches, a goblin and a rat (wandering).

Vanquished Creatures
  A goblin (D:1)
  3 hobgoblins (D:1)
  A bat (D:1)
  A frilled lizard (D:1)
  2 rats (D:1)
8 creatures vanquished.

Notes
Turn   | Place    | Note
-------+----------+-------------------------------------------
     0 | D:1      | DasRunzen the Felid Venom Mage began the quest for the Orb.
     0 | D:1      | Reached XP level 1. HP: 7/7 MP: 4/4
   322 | D:1      | Reached XP level 2. HP: 9/11 MP: 0/6
   414 | D:1      | Slain by a jackal

Skill      XL: |  1 |
---------------+----+-----
Stealth        | 3 |  3.0
Dodging        | |  2.6
Spellcasting   | |  2.1
Conjurations   | |  0.3
Poison Magic   | |  3.7

Action                   || total
-------------------------++-------
Melee: Unarmed           ||     6
 Cast: Sting             ||    20
  Eat: Chunk             ||     5
Armor: Skin              ||     1
Dodge: Dodged            ||    25
